 Dungeon Crawl Stone Soup version 0.22-a0-441-gcf5b0c6 (webtiles) character file.

135 Firecrotchwizard the Grave Robber (level 4, -1/36 HPs)
             Began as a Deep Dwarf Necromancer on May 31, 2018.
             Slain by an orc
             ... wielding a +0 mace
              (2 damage)
             ... on level 3 of the Dungeon.
             The game lasted 00:07:21 (2206 turns).

Firecrotchwizard the Grave Robber (DDNe)            Turns: 2206, Time: 00:07:22

Health: -1/36      AC:  3    Str: 12    XL:     4   Next: 97%
Magic:  3/8        EV: 13    Int: 16    God:
Gold:   39         SH:  0    Dex: 13    Spells: 4/9 levels left

rFire    . . .     SeeInvis .   s - -3 hand axe (curse)
rCold    . . .     Gourm    .   (no shield)
rNeg     . . .     Faith    .   a - +0 robe
rPois    .         Spirit   .   d - +0 helmet
rElec    .         Reflect  .   (no cloak)
rCorr    .         Harm     .   (no gloves)
MR       .....                  (no boots)
Stlth    ++........             (no amulet)
HPRegen  0.00/turn              (no ring)
MPRegen  0.11/turn              (no ring)

@: non-regenerating
A: damage resistance, heal wounds, sense surroundings 1, no regeneration
a: Heal Wounds


You were on level 3 of the Dungeon.
You were not hungry.

You visited 1 branch of the dungeon, and saw 3 of its levels.

You collected 39 gold pieces.

Inventory:

Hand Weapons
 o - a +0 mace
   (You found it on level 2 of the Dungeon)
 r - a +0 hand axe
   (You found it on level 2 of the Dungeon)
 s - a cursed -3 hand axe (weapon)
   (You took it off an orc on level 3 of the Dungeon)
Missiles
 b - 4 curare-tipped needles
Armour
 a - a +0 robe (worn)
 d - a +0 helmet (worn)
   (You found it on level 1 of the Dungeon)
 l - a +1 helmet
   (You found it on level 2 of the Dungeon)
Scrolls
 g - 3 scrolls of teleportation {unknown}
 i - a scroll of magic mapping {unknown}
 j - 2 scrolls of identify {unknown}
 k - a scroll of blinking {unknown}
 m - a scroll of remove curse {unknown}
Potions
 e - 2 potions of heal wounds {unknown}
 f - a potion of lignification {unknown}
 h - 2 potions of flight {unknown}
 p - a potion of might {unknown}
 q - a potion of magic {unknown}
Comestibles
 c - 3 rations {@e1}
 n - a chunk of flesh {@w0}


   Skills:
 + Level 0.2 Axes
 - Level 2.4 Dodging
 - Level 2.7 Stealth
 - Level 3.1 Spellcasting
 + Level 5.7 Necromancy


You had 4 spell levels left.
You knew the following spells:

 Your Spells              Type           Power        Failure   Level  Hunger
a - Pain                  Necr           ###.         1%          1    None
x - Vampiric Draining     Necr           ###.......   5%          3    ###....
A - Animate Skeleton      Necr           N/A          1%          1    None

Your spell library contained the following spells:

 Spells                   Type           Power        Failure   Level  Hunger
 Animate Dead             Necr           N/A          17%         4    ####...
 Regeneration             Chrm/Necr      ##........   17%         3    ###....


Dungeon Overview and Level Annotations

Branches:
Dungeon (3/15)

Altars:

Annotations:
D:2 Natasha


Innate Abilities, Weirdness & Mutations

You are resistant to damage.
You can heal yourself by infusing magical energy.
You passively map a small area around you.
You do not regenerate.


Message History

You are feeling hungry.
You regained 2 hp, and now have 11/36 hp.
You now have 5/8 mp.
Things that are here:
a club; a goblin corpse You butcher the goblin corpse.
n - 2 chunks of flesh {@w0} You see here a club.
You start resting.
Eating one of 2 chunks of flesh {@w0}.
You eat one of the 2 chunks of flesh {@w0}.
MP restored: 8 A goblin comes into view.
Aim: a goblin (resting)
The goblin shouts!
You kill the goblin!
You feel life coursing into your body.
You regained 2 hp, and now have 13/36 hp.
You now have 5/8 mp.
You see here a hand axe.
There isn't anything to butcher here.
r - a hand axe
h - 2 fuming black potions (gained 1)
r - a +0 hand axe (weapon)
You start resting.
MP restored: 8 You open the door.
There is an open door here.
You open the door.
There is an open door here.
There is an open door here.
Found a stone staircase leading down.
There is a stone staircase leading down here.
Done exploring.
Done exploring.
(D) Dungeon
Where to? (Enter - D:2 @ (x,y), ? - help)
There is a stone staircase leading down here.
You climb downwards. 3 orcs come into view.
There is a stone staircase leading up here.
An orc comes into view. It is wielding a hand axe.
The orc shouts! x3
There is a stone staircase leading up here.
Aim: an orc You kill the orc!
You feel life coursing into your body.
You regained 4 hp, and now have 17/36 hp.
You now have 5/8 mp.
Aim: an orc, wielding an enchanted hand axe You kill the orc!
You feel life coursing into your body.
An orc comes into view. It is wielding a hand axe.
You regained 3 hp, and now have 20/36 hp.
You now have 2/8 mp.
Things that are here:
an enchanted hand axe; an orc corpse You butcher the orc corpse.
The orc hits you with a mace. The orc hits you with a hand axe.
Things that are here:
an enchanted hand axe; 3 chunks of flesh {@w0}; an orc skeleton You take 4 damage, and have 16/36 hp.
s - an enchanted hand axe The orc misses you.
The orc closely misses you. It sticks to your hand!
s - a cursed -3 hand axe (weapon)
The orc barely misses you.
You closely miss the orc. x2; The orc barely misses you.
You barely miss the orc. You closely miss the orc. You hit the orc.
The orc barely misses you. The orc hits you with a hand axe.
The orc barely misses you. The orc closely misses you.
You take 4 damage, and have 12/36 hp.
You barely miss the orc. You hit the orc but do no damage. x2
The orc barely misses you. The orc hits you with a mace.
The orc barely misses you.
You take 1 damage, and have 11/36 hp.
You hit the orc. You barely miss the orc. You closely miss the orc.
The orc misses you.
A giant cockroach comes into view.
The orc hits you with a hand axe.
* * * LOW HITPOINT WARNING * * *
The orc hits you with a mace. The orc misses you.
You take 3 damage, and have 8/36 hp.
You hit the orc. x2; You hit the orc but do no damage.
The orc closely misses you. The orc completely misses you.
The giant cockroach waves its antennae.
The orc misses you.
You slash the orc!
You kill the orc!
You hit the orc but do no damage. You closely miss the orc.
The orc hits you with a hand axe.
* * * LOW HITPOINT WARNING * * *
The orc closely misses you.
You take 5 damage, and have 3/36 hp.
You closely miss the orc. x2; The orc hits you with a hand axe.
* * * LOW HITPOINT WARNING * * *
The orc hits you but does no damage.
You take 2 damage, and have 1/36 hp.
You hit the orc but do no damage. You hit the orc. The orc barely misses you.
The orc hits you with a mace.
You die...

* #.##.#########
*
*##.#...........
,
...............
,
...............,
.............
,........... * ,
* ,* #.os..# *
,* #<@o..# *
#.....# *
#.....# ,
*#.....#* ,
,........,, ,,,
.......### ,
...###.#
.....,,.#* * , ,


You could see 2 orcs and a giant cockroach.

Vanquished Creatures
  A hound (D:2)
  Natasha (D:2)
  An adder (D:2)
  2 oozes
  A worm (D:2)
  2 dart slugs (D:1)
  3 orcs (D:3)
  11 bats
  11 goblins
  6 hobgoblins
  2 jackals (D:1)
  3 frilled lizards
  6 kobolds
  2 rats (D:2)
52 creatures vanquished.

Vanquished Creatures (collateral kills)
  A bat (D:1)
  A goblin (D:1)
  A kobold (D:1)
3 creatures vanquished.

Grand Total: 55 creatures vanquished

Notes
Turn   | Place    | Note
-------+----------+-------------------------------------------
     0 | D:1      | Firecrotchwizard the Deep Dwarf Necromancer began the quest for the Orb.
     0 | D:1      | Reached XP level 1. HP: 15/15 MP: 3/3
   190 | D:1      | Reached XP level 2. HP: 13/22 MP: 4/4
   193 | D:1      | Reached skill level 2 in Spellcasting
   393 | D:1      | Learned a level 1 spell: Animate Skeleton
   568 | D:1      | Reached XP level 3. HP: 11/28 MP: 0/6
   718 | D:1      | Learned a level 3 spell: Vampiric Draining
  1032 | D:2      | Reached skill level 5 in Necromancy
  1722 | D:2      | Noticed Natasha
  1736 | D:2      | Reached XP level 4. HP: 20/36 MP: 4/8
  1747 | D:2      | HP: 9/36 [white imp[Natasha] (1)]
  1747 | D:2      | HP: 3/36 [Natasha/magic dart (6)]
  1748 | D:2      | Killed Natasha
  1748 | D:2      | Reached skill level 3 in Spellcasting
  1933 | D:2      | Noticed Natasha
  2202 | D:3      | HP: 8/36 [orc/hand axe (3)]
  2204 | D:3      | HP: 3/36 [orc/hand axe (5)]
  2205 | D:3      | HP: 1/36 [orc/hand axe (2)]
  2206 | D:3      | Slain by an orc

Vault maps used:
D:1:      doesnt_arrival_eight_statues
D:2:      first_ration, uniq_natasha
D:3:      nemelex_altar_shiori, chequers_ecumenical_altar_simple, uniq_jessica,
          uniq_terence

Skill      XL: |  1  2  3  4 |
---------------+-------------+-----
Spellcasting   | 2 3 |  3.1
Necromancy     | 5 |  5.7
Axes           | |  0.2
Dodging        | |  2.4
Stealth        | |  2.7

Action                   |  1- 3 |  4- 6 || total
-------------------------+-------+-------++-------
Melee: Unarmed           |   100 |       ||   100
       Mace              |     4 |    14 ||    18
       Hand axe          |       |     8 ||     8
 Cast: Pain              |    46 |     3 ||    49
       Animate Skeleton  |     4 |       ||     4
       Vampiric Draining |     7 |     7 ||    14
 Stab: Sleeping          |     1 |       ||     1
  Eat: Chunk             |     4 |     2 ||     6
Armor: Robe              |    55 |     3 ||    58
Dodge: Dodged            |   128 |    24 ||   152

Table legend:
 A = Spawn XP
 B = Non-spawn XP
 C = Spawn XP percentage of total XP
 D = Spawn monster count
 E = Non-spawn monster count
 F = Spawn count percentage of total count
 G = Total turns spent on level
                    A         B        C        D         E        F      G
               +---------+---------+-------+---------+---------+-------+---------
         Total |       0 |     194 |   0.0 |       0 |      55 |   0.0 |  2206
               +---------+---------+-------+---------+---------+-------+---------
           D:1 |       0 |      56 |   0.0 |       0 |      28 |   0.0 |   993
           D:2 |       0 |     129 |   0.0 |       0 |      24 |   0.0 |  1196
           D:3 |       0 |       9 |   0.0 |       0 |       3 |   0.0 |    17
               +---------+---------+-------+---------+---------+-------+---------

Vault maps used:
D:1:      doesnt_arrival_eight_statues
D:2:      first_ration, uniq_natasha
D:3:      nemelex_altar_shiori, chequers_ecumenical_altar_simple, uniq_jessica,
          uniq_terence

Table legend:
 A = Turns spent in this place as a percentage of turns spent in the entire game.
 B = Non-inter-level travel turns spent in this place as a percentage of non-inter-level travel turns spent in the entire game.
 C = Inter-level travel turns spent in this place as a percentage of turns spent in this place.
 D = Turns resting spent in this place as a percentage of non-inter-level travel turns spent in this place.
 E = Turns spent auto-exploring this place as a percentage of non-inter-level travel turns spent in this place.
 F = Non-inter-level travel turns spent in this place divided by the number of levels of this place that you've seen.
                   A       B       C       D       E      F
               +-------+-------+-------+-------+-------+----------------------
         Total | 100.0 | 100.0 |   2.4 |  35.1 |  34.6 | 717.7
       Dungeon | 100.0 | 100.0 |   2.4 |  35.1 |  34.6 | 717.7
               +-------+-------+-------+-------+-------+----------------------

Table legend:
 A = Kills in this place as a percentage of kills in entire the game.
 B = Kills by you in this place as a percentage of kills by you in the entire game.
 C = Kills by friends in this place as a percentage of kills by friends in the entire game.
 D = Other kills in this place as a percentage of other kills in the entire game.
 E = Experience gained in this place as a percentage of experience gained in the entire game.
 F = Experience gained in this place divided by the number of levels of this place that you have seen.
                   A       B       C       D       E      F
               +-------+-------+-------+-------+-------+----------------------
         Total | 100.0 | 100.0 | 100.0 |   N/A | 100.0 |  64.7
       Dungeon | 100.0 | 100.0 | 100.0 |   N/A | 100.0 |  64.7
               +-------+-------+-------+-------+-------+----------------------
